 Dungeon Crawl Stone Soup version 0.26.0-16-gc1dbca0489 (webtiles) character file.

Game seed: 10849567284306224052

179 EnegeticOcto the Insei (level 5, 0/41 HPs)
             Began as a Gnoll Transmuter on Jan 18, 2021.
             Succumbed to a worker ant's poison
             ... on level 4 of the Dungeon.
             The game lasted 00:03:26 (601 turns).

EnegeticOcto the Insei (Gnoll Transmuter)            Turns: 601, Time: 00:03:26

Health: 0/41       AC:  6    Str: 13    XL:     5   Next: 59%
Magic:  12/12      EV:  8    Int: 16    God:
Gold:   73         SH: 11    Dex: 15    Spells: 13/14 levels left

rFire    . . .     SeeInvis .     - Unarmed
rCold    + . .     Faith    .   c - +0 tower shield
rNeg     . . .     Spirit   .   e - +1 ring mail {rC+}
rPois    .         Reflect  .   (no helmet)
rElec    .         Harm     .   (no cloak)
rCorr    .         Rampage  .   (no gloves)
Will     .....                  (no boots)
Stlth    ..........             (no amulet)
HPRegen  0.13/turn              g - ring of attention (curse)
MPRegen  0.13/turn              (no ring)

@: lethally poisoned (0 -> -2), hasted, very quick
A: distributed training, fangs 1, strong nose
a: no special abilities


You were on level 4 of the Dungeon.
You visited 1 branch of the dungeon, and saw 4 of its levels.

You collected 73 gold pieces.

Inventory:

Missiles
 n - 4 boomerangs (quivered)
Armour
 a - a +0 robe
 c - a +0 tower shield (worn)
   (You found it on level 1 of the Dungeon)
 d - a +0 ring mail
   (You found it on level 1 of the Dungeon)
 e - a +1 ring mail of cold resistance (worn)
   (You found it on level 1 of the Dungeon)
Jewellery
 g - a cursed ring of attention (left hand)
   (You found it on level 2 of the Dungeon)
Scrolls
 b - 3 scrolls of enchant armour {unknown}
 f - 3 scrolls of identify {unknown}
 l - a scroll of random uselessness {unknown}
 o - a scroll of amnesia {unknown}
Potions
 h - a potion of heal wounds {unknown}
 i - a potion of lignification {unknown}
 j - 2 potions of haste {@q4 !q}
 k - a potion of magic {unknown}
 m - a potion of berserk rage {unknown}
 p - a potion of mutation {unknown}


   Skills:
 + Level 3.0 Fighting
 + Level 1.5 Short Blades
 + Level 1.5 Long Blades
 + Level 1.5 Axes
 + Level 1.5 Maces & Flails
 + Level 1.5 Polearms
 + Level 1.5 Staves
 + Level 1.5 Slings
 + Level 1.5 Bows
 + Level 1.5 Crossbows
 + Level 1.5 Throwing
 + Level 1.5 Armour
 + Level 4.8 Dodging
 + Level 1.5 Stealth
 + Level 1.5 Shields
 + Level 6.7 Unarmed Combat
 + Level 5.2 Spellcasting
 + Level 1.2 Conjurations
 + Level 1.2 Hexes
 + Level 1.2 Summonings
 + Level 1.2 Necromancy
 + Level 1.2 Translocations
 + Level 4.0 Transmutations
 + Level 1.2 Fire Magic
 + Level 1.2 Ice Magic
 + Level 1.2 Air Magic
 + Level 1.2 Earth Magic
 + Level 1.2 Poison Magic
 + Level 1.7 Invocations
 + Level 1.5 Evocations


You had 13 spell levels left.
You knew the following spells:

 Your Spells              Type           Power        Failure   Level
a - Beastly Appendage     Tmut           34%          78%         1

Your spell library contained the following spells:

 Spells                   Type           Power        Failure   Level
 Wereblood                Tmut           17%          89%         2
 Spider Form              Tmut/Pois      6%           100%        3
 Ice Form                 Ice/Tmut       12%          100%        4
 Blade Hands              Tmut           8%           100%        5


Dungeon Overview and Level Annotations

Branches:
Dungeon (4/15)
 Temple: D:4-7

Altars:

Annotations:
D:3 1 runed translucent door, Tagedieb's ghost, amateur OpEn
D:4 Natasha


Innate Abilities, Weirdness & Mutations

Your experience applies equally to all skills.
You have very sharp teeth.
Your uncanny sense of smell can sniff out nearby items.


Message History

The boomerang hits the scorpion but does no damage.
Throw: 4 boomerangs
Press: ? - help, Q - select action, (/) - cycle Shift-Dir - straight line, f/p - scorpion
Aim: a scorpion You throw a boomerang.
The boomerang hits the scorpion.
The scorpion is lightly wounded.
You closely miss the worker ant. You block the worker ant's attack. x2
You barely miss the worker ant. You block the worker ant's attack.
You closely miss the worker ant. You bite the worker ant.
The worker ant is lightly wounded.
You block the worker ant's attack.
You closely miss the worker ant.
The worker ant is lightly wounded.
You block the worker ant's attack.
You hit the worker ant but do no damage.
Your bite misses the worker ant.
The worker ant is lightly wounded.
The worker ant barely misses you. x2
You closely miss the worker ant.
You bite the worker ant, but do no damage.
The worker ant is lightly wounded.
You block the worker ant's attack.
You hit the worker ant but do no damage.
The worker ant is lightly wounded.
You block the worker ant's attack.
Your shield prevents you from hitting the worker ant.
The worker ant is lightly wounded.
The worker ant bites you.
The worker ant bites you but does no damage.
You hit the worker ant.
The worker ant is moderately wounded.
The worker ant barely misses you.
You completely miss the worker ant.
You bite the worker ant, but do no damage.
The worker ant is moderately wounded.
You block the worker ant's attack.
You hit the worker ant but do no damage.
Your bite misses the worker ant.
The worker ant is moderately wounded.
You block the worker ant's attack.
You punch the worker ant!
The worker ant is severely wounded.
You block the worker ant's attack.
You hit the worker ant.
The worker ant is almost dead.
The worker ant bites you.
You hit the worker ant but do no damage.
The worker ant is almost dead.
The worker ant bites you.
You are poisoned.
The worker ant poisons you!
You hit the worker ant but do no damage.
The worker ant is almost dead.
You feel sick. You block the worker ant's attack. The worker ant bites you.
You hit the worker ant.
You kill the worker ant!
You feel sick.
The scorpion stings you but does no damage.
You have reached level 5!
You hit the scorpion. Your bite misses the scorpion.
The scorpion is heavily wounded.
You closely miss the scorpion.
The scorpion is heavily wounded.
You feel sick. You block the scorpion's attack.
The scorpion completely misses you.
You closely miss the scorpion.
The scorpion is heavily wounded.
The scorpion stings you but does no damage.
You barely miss the scorpion. Your bite misses the scorpion.
The scorpion is heavily wounded.
The scorpion stings you.
You are too injured to fight recklessly!
You are too injured to fight recklessly!
You are too injured to fight recklessly!
You are too injured to fight recklessly!
You closely miss the scorpion.
The scorpion is heavily wounded.
You feel sick. The scorpion closely misses you.
You completely miss the scorpion. Your bite misses the scorpion.
The scorpion is moderately wounded.
The scorpion stings you!
* * * LOW HITPOINT WARNING * * *
You hit the scorpion.
The scorpion is heavily wounded.
You block the scorpion's attack.
You punch the scorpion!
The scorpion is almost dead.
You feel sick. The scorpion stings you.
* * * LOW HITPOINT WARNING * * *
You hit the scorpion.
You kill the scorpion!
Your Fighting skill increases to level 3!
Your Transmutations skill increases to level 4!
An ooze and Natasha come into view.
Natasha mewls in sadness.
Natasha casts a spell at you. The magic dart hits you!
* * * LOW HITPOINT WARNING * * *
It was a potion of haste.
You feel yourself speed up.
You die...

∆ >? #. . ./..##
. #.....## .##.
.....#. #..
.J..... #.#
.h...#
#########.# ....#
..........###!..#
#####....†.@..#
#.######### #.#
#.# #<# #.# ...
#.### #.


You could see Natasha and an ooze.

Vanquished Creatures
  A scorpion (D:4)
  A worker ant (D:4)
  7 adders
  A leopard gecko (D:1)
  4 orcs (D:3)
  2 giant cockroaches (D:3)
  7 goblins
  5 hobgoblins
  2 jackals (D:3)
  3 kobolds
  A quokka (D:3)
  3 bats
  3 rats
40 creatures vanquished.

Notes
Turn   | Place    | Note
-------+----------+-------------------------------------------
     0 | D:1      | EnegeticOcto the Gnoll Transmuter began the quest for the
                  | Orb.
     0 | D:1      | Reached XP level 1. HP: 17/17 MP: 6/6
   166 | D:1      | Reached XP level 2. HP: 22/23 MP: 7/7
   279 | D:2      | Reached XP level 3. HP: 24/28 MP: 9/9
   288 | D:2      | Reached skill level 5 in Spellcasting
   330 | D:3      | Reached skill level 1 in Invocations
   377 | D:3      | Reached skill level 1 in Short Blades
   377 | D:3      | Reached skill level 1 in Long Blades
   377 | D:3      | Reached skill level 1 in Axes
   377 | D:3      | Reached skill level 1 in Maces & Flails
   377 | D:3      | Reached skill level 1 in Polearms
   377 | D:3      | Reached skill level 1 in Staves
   377 | D:3      | Reached skill level 1 in Slings
   377 | D:3      | Reached skill level 1 in Bows
   377 | D:3      | Reached skill level 1 in Crossbows
   377 | D:3      | Reached skill level 1 in Throwing
   377 | D:3      | Reached skill level 1 in Armour
   377 | D:3      | Reached skill level 1 in Stealth
   377 | D:3      | Reached skill level 1 in Shields
   377 | D:3      | Reached skill level 1 in Evocations
   393 | D:3      | Reached XP level 4. HP: 21/34 MP: 11/11
   474 | D:3      | Reached skill level 1 in Conjurations
   474 | D:3      | Reached skill level 1 in Hexes
   474 | D:3      | Reached skill level 1 in Summonings
   474 | D:3      | Reached skill level 1 in Necromancy
   474 | D:3      | Reached skill level 1 in Translocations
   474 | D:3      | Reached skill level 1 in Fire Magic
   474 | D:3      | Reached skill level 1 in Ice Magic
   474 | D:3      | Reached skill level 1 in Air Magic
   474 | D:3      | Reached skill level 1 in Earth Magic
   474 | D:3      | Reached skill level 1 in Poison Magic
   503 | D:3      | Found a runed translucent door.
   503 | D:3      | Noticed Tagedieb's ghost (amateur OpEn)
   591 | D:4      | Reached XP level 5. HP: 20/40 MP: 12/12
   600 | D:4      | Reached skill level 3 in Fighting
   600 | D:4      | Reached skill level 4 in Transmutations
   600 | D:4      | Noticed Natasha
   600 | D:4      | HP: 1/41 [Natasha/magic dart (8)]
   601 | D:4      | Succumbed to a worker ant's poison

Illustrated notes

Levels and vault maps discovered:
D:1:      psy_arrival_dodecagon, layout_loops_ring
D:2:      layout_rooms, lemuel_doored_altar, hex_intersection,
          kennysheep_jessica_study, uniq_sigmund
D:3:      layout_rooms, zin_treasury, ebering_ghost_sewer_f,
          roderic_roman_lattice, uniq_jessica
D:4:      layout_loops_ring, riverfiend_overflow_shadow_ancestor,
          gammafunk_ghost_stat_death, st_stairs_6, okawaru_gym_becter,
          uniq_natasha

Skill      XL: |  1  2  3  4  5 |
---------------+----------------+-----
Spellcasting   | 5 |  5.2
Invocations    | 1 |  1.7
Short Blades   | 1 |  1.5
Long Blades    | 1 |  1.5
Axes           | 1 |  1.5
Maces & Flails | 1 |  1.5
Polearms       | 1 |  1.5
Staves         | 1 |  1.5
Slings         | 1 |  1.5
Bows           | 1 |  1.5
Crossbows      | 1 |  1.5
Throwing       | 1 |  1.5
Armour         | 1 |  1.5
Stealth        | 1 |  1.5
Shields        | 1 |  1.5
Evocations     | 1 |  1.5
Conjurations   | 1 |  1.2
Hexes          | 1 |  1.2
Summonings     | 1 |  1.2
Necromancy     | 1 |  1.2
Translocations | 1 |  1.2
Fire Magic     | 1 |  1.2
Ice Magic      | 1 |  1.2
Air Magic      | 1 |  1.2
Earth Magic    | 1 |  1.2
Poison Magic   | 1 |  1.2
Fighting       | 3 |  3.0
Transmutations | 4 |  4.0
Dodging        | |  4.8
Unarmed Combat | |  6.7

Action                   |  1- 3 |  4- 6 || total
-------------------------+-------+-------++-------
Melee: Unarmed           |    99 |    70 ||   169
       Bite              |    13 |     8 ||    21
Throw: Boomerang         |       |     2 ||     2
  Use: Potion            |       |     1 ||     1
Armor: Ring mail         |    28 |    12 ||    40
Dodge: Dodged            |    25 |    15 ||    40
Block: Tower shield      |    61 |    34 ||    95
